 Dungeon Crawl Stone Soup version 0.20.1-1-g8b1a95d (webtiles) character file.

67 Internecine the Vexing (level 4, -1/42 HPs)
             Began as an Ogre Arcane Marksman on Oct 3, 2017.
             Slain by Robin
             ... wielding a +0 spear
              (4 damage)
             ... on level 2 of the Dungeon.
             The game lasted 00:11:27 (1528 turns).

Internecine the Vexing (Ogre Arcane Marksman)       Turns: 1528, Time: 00:11:27

Health: -1/42      AC:  4    Str: 14    XL:     4   Next: 18%
Magic:  4/5        EV: 10    Int: 14    God:
Gold:   86         SH:  0    Dex: 10    Spells: 2/5 levels left

rFire    . . .     SeeInvis .   a - +0 hand crossbow
rCold    . . .     Gourm    .   (no shield)
rNeg     . . .     Faith    .   e - +1 robe
rPois    .         Spirit   .   (helmet restricted)
rElec    .         Reflect  .   (no cloak)
rCorr    .         Harm     .   (gloves unavailable)
MR       .....                  (boots unavailable)
Stlth    +.........             j - amulet of magic regeneration
Regen    0.2/turn               k - ring of wizardry
MPRegen  0.2/turn               (no ring)

@: lethally poisoned (-1 -> -2)
A: unfitting armour, tough skin 1
a: no special abilities


You were on level 2 of the Dungeon.
You were very hungry.

You visited 1 branch of the dungeon, and saw 2 of its levels.

You collected 86 gold pieces.

Inventory:

Hand Weapons
 a - a +0 hand crossbow (weapon)
 t - a +0 hunting sling
 u - a +1 dagger of venom
Missiles
 b - 77 stones
 d - 56 bolts (quivered)
 m - 6 javelins of returning
 n - 32 arrows
Armour
 e - a +1 robe (worn)
Jewellery
 j - an amulet of magic regeneration (around neck)
 k - a ring of wizardry (left hand)
Scrolls
 h - 2 scrolls of enchant armour
 l - a scroll of blinking {unknown}
 o - a scroll of fog {unknown}
 q - a scroll of teleportation {unknown}
 r - a scroll of fear {unknown}
 s - 2 scrolls of remove curse {unknown}
Potions
 g - a potion of magic {unknown}
 i - a potion of degeneration {unknown}
Books
 c - a book of Debilitation

   Spells                             Type                      Level
   a - Corona                         Hexes                        1
   b - Slow                           Hexes                        2
   c - Inner Flame                    Hexes/Fire                   3
   d - Portal Projectile              Hexes/Translocation          3
   e - Cause Fear                     Hexes                        4
   f - Leda's Liquefaction            Hexes/Earth                  4
Comestibles
 f - 2 bread rations
 p - 14 chunks of flesh


   Skills:
 + Level 2.0 Fighting
 + Level 2.6 Crossbows
 + Level 2.1 Dodging
 + Level 0.1 Stealth
 + Level 1.3 Spellcasting
 + Level 3.0 Hexes


You had 2 spell levels left.
You knew the following spells:

 Your Spells              Type           Power        Failure   Level  Hunger
a - Corona                Hex            #......      3%          1    ##.....
b - Slow                  Hex            #.......     4%          2    ###....


Dungeon Overview and Level Annotations

Branches:
Dungeon (2/15)

Altars:
Ashenzari

Annotations:
D:2 Robin


Innate Abilities, Weirdness & Mutations

You are too large for most types of armour.
You have tough skin. (AC +1)


Message History

The hobgoblin barely misses you. Robin hits you from afar with a spear.
* * * LOW HITPOINT WARNING * * *
The hobgoblin hits you but does no damage.
Firing (i - inventory. (,) - cycle):
d - 57 bolts (quivered)
Press: ? - help, Shift-Dir - straight line, f/p - hobgoblin
Aim: a hobgoblin, wielding a club (almost dead)
You shoot a bolt. The bolt hits the hobgoblin.
You kill the hobgoblin!
You feel sick.
The goblin wields a hunting sling.
The goblin shoots a stone.
The stone barely misses you.
Robin roars a battlecry!
The goblin goes into a battle-frenzy!
You hear a shout!
Casting: Corona
Confirm with . or Enter, or press ? or * to list all spells.
Aiming: Corona
Press: ? - help, Shift-Dir - straight line, f - Robin
Aim: Robin, wielding a spear, wearing an animal skin and wearing a helmet (chance to defeat MR: 52%) Robin is outlined in light.
Robin hits you from afar with a spear.
You die...

#.######............
...............#....
#########.......#....
#. #............ #>
#.######..... #. #.#
#..8.. #. #.# #.....
#.#######.# ######
#(gg@.....#
#..########
##..##############
#..g..lgg.......g(
#...(.............
##################


You could see Robin and a goblin.

Vanquished Creatures
  2 adders (D:2)
  2 leopard geckos
  6 bats
  A giant cockroach (D:1)
  10 hobgoblins
  6 jackals
  3 kobolds (D:1)
  2 quokkas (D:2)
  A frilled lizard (D:2)
  6 goblins
  2 rats (D:1)
41 creatures vanquished.

Notes
Turn   | Place    | Note
-------+----------+-------------------------------------------
     0 | D:1      | Internecine the Ogre Arcane Marksman began the quest for the Orb.
     0 | D:1      | Reached XP level 1. HP: 19/19 MP: 2/2
   211 | D:1      | Reached XP level 2. HP: 27/27 MP: 3/3
   871 | D:1      | Learned a level 2 spell: Slow
  1054 | D:2      | Reached XP level 3. HP: 35/35 MP: 4/4
  1183 | D:2      | Found a shattered altar of Ashenzari.
  1189 | D:2      | Reached skill level 3 in Hexes
  1438 | D:2      | Reached XP level 4. HP: 30/42 MP: 5/5
  1518 | D:2      | Noticed Robin
  1528 | D:2      | Slain by Robin

Skill      XL: |  1  2  3 |
---------------+----------+-----
Dodging        | 2 |  2.1
Crossbows      | 2 |  2.6
Hexes          | 3 |  3.0
Fighting       | 2 |  2.0
Stealth        | |  0.1
Spellcasting   | |  1.3

Action                   |  1- 3 |  4- 6 || total
-------------------------+-------+-------++-------
 Fire: Hand crossbow     |   110 |    14 ||   124
 Cast: Corona            |     3 |     4 ||     7
  Use: Scroll            |       |     1 ||     1
  Eat: Chunk             |     1 |       ||     1
Armor: Robe              |    20 |     3 ||    23
Dodge: Dodged            |    52 |    10 ||    62
